[ AOE2 MATCH · #495636404 ]
UnrankedArmenians vs Vikings
[ REPLAY ANALYSIS · EXTRACTED FROM THE RECORDED GAME ]
Feudal
14:42
Castle
—
Imperial
—
| APM avg | 24.1 |
| APM peak | 48 |
| eAPM avg | 9.4 |
| Villagers / military | 40 / 65 |
Focus
⚔️ 24.1% · 🌾 75.9%
Militia ×65
Feudal
15:00
Castle
24:19
Imperial
—
| APM avg | 11.2 |
| APM peak | 25 |
| eAPM avg | 6.8 |
| Villagers / military | 31 / 7 |
Focus
⚔️ 15.0% · 🌾 85.0%
Skirmisher ×7
Feudal
15:18
Castle
23:37
Imperial
—
| APM avg | 58.5 |
| APM peak | 109 |
| eAPM avg | 21.7 |
| Villagers / military | 38 / 6 |
Focus
⚔️ 31.0% · 🌾 69.0%
Scout Cavalry ×4 · Steppe Lancer ×2
Feudal
14:24
Castle
18:19
Imperial
—
| APM avg | 35.2 |
| APM peak | 118 |
| eAPM avg | 20.2 |
| Villagers / military | 56 / 13 |
Focus
⚔️ 35.2% · 🌾 64.8%
Mangudai ×13
Feudal
17:45
Castle
—
Imperial
—
| APM avg | 21.4 |
| APM peak | 58 |
| eAPM avg | 13.1 |
| Villagers / military | 52 / 0 |
Focus
⚔️ 49.1% · 🌾 50.9%
Feudal
18:10
Castle
—
Imperial
—
| APM avg | 21.1 |
| APM peak | 36 |
| eAPM avg | 10.4 |
| Villagers / military | 29 / 12 |
Focus
⚔️ 20.9% · 🌾 79.1%
Scout Cavalry ×8 · Militia ×4
Feudal
15:53
Castle
20:09
Imperial
—
| APM avg | 30.3 |
| APM peak | 46 |
| eAPM avg | 18.2 |
| Villagers / military | 40 / 10 |
Focus
⚔️ 26.6% · 🌾 73.4%
Spearman ×6 · Chu Ko Nu ×4
Feudal
13:03
Castle
17:36
Imperial
—
| APM avg | 14.6 |
| APM peak | 38 |
| eAPM avg | 8.5 |
| Villagers / military | 41 / 12 |
Focus
⚔️ 23.4% · 🌾 76.6%
Conquistador ×12
Match map
Initial resources + every placement click. Lines = walls · curves = elevation contours. ◆ gold · ⬟ stone · ● berries · ✦ relic · ◌ wall gap
Your base· Open — unwalled flank
sweg 696969's base· Open — unwalled flank
PEINATE QUE VIENE GENTE's base· Open — unwalled flank
Wahlburgers5203's base· Open — unwalled flank
diego.vd.gota's base· Open — unwalled flank
AleAnonMallo's base· Open — unwalled flank
dylsxx1718's base· Open — unwalled flank
Fat B's base· Open — unwalled flank
Smoothed initial terrain · ◌ = detected wall gap · hover for details
Inputs per minute
— GuilleLeopold17 - - sweg 696969
Build order — GuilleLeopold17
95 actions detected in the replay
| 1:22 | Build | Town Center |
| 2:35 | Build | House |
| 2:51 | Build | Mill |
| 3:37 | Create | Villager (Male) |
| 3:37 | Create | Villager (Male) |
| 3:37 | Create | Villager (Male) |
| 3:38 | Create | Villager (Male) |
| 3:38 | Create | Villager (Male) |
| 3:38 | Create | Villager (Male) |
| 3:43 | Research | Loom |
| 4:46 | Create | Villager (Male) |
| 4:47 | Create | Villager (Male) |
| 4:47 | Create | Villager (Male) |
| 4:59 | Create | Villager (Male) |
| 4:59 | Create | Villager (Male) |
| 4:59 | Create | Villager (Male) |
| 5:18 | Build | Mule Cart |
| 5:41 | Create | Villager (Male) |
| 5:41 | Create | Villager (Male) |
| 5:41 | Create | Villager (Male) |
| 6:06 | Create | Villager (Male) |
| 6:06 | Create | Villager (Male) |
| 6:06 | Create | Villager (Male) |
| 6:55 | Create | Villager (Male) |
| 6:55 | Create | Villager (Male) |
| 6:56 | Create | Villager (Male) |
| 7:09 | Build | House |
| 7:47 | Build | House |
| 7:49 | Create | Villager (Male) |
| 7:49 | Create | Villager (Male) |
| 7:49 | Create | Villager (Male) |
| 7:50 | Create | Villager (Male) |
| 8:40 | Build | Mule Cart |
| 8:58 | Create | Villager (Male) |
| 8:59 | Create | Villager (Male) |
| 8:59 | Create | Villager (Male) |
| 9:47 | Create | Villager (Male) |
| 10:53 | Build | Barracks |
| 11:03 | Build | House |
| 11:06 | Create | Villager (Male) |
| 11:06 | Create | Villager (Male) |
| 11:33 | Build | Mule Cart |
| 12:18 | Research | Feudal Age |
| 12:42 | Build | House |
| 13:41 | Build | Barracks |
| 13:43 | Create | Militia |
| 13:43 | Create | Militia |
| 13:43 | Create | Militia |
| 13:44 | Create | Militia |
| 14:35 | Create | Militia |
| 14:42 | Age | Feudal Age |
| 14:48 | Research | Man-at-Arms (upgrade) |
| 14:58 | Build | Mill |
| 15:09 | Create | Villager (Male) |
| 15:09 | Create | Villager (Male) |
| 15:14 | Create | Militia |
| 15:14 | Create | Militia |
| 15:43 | Build | House |
| 15:43 | Build | House |
| 16:09 | Research | Long Swordsman (upgrade) |
| 16:29 | Create | Militia ×3 |
| 16:29 | Create | Militia ×3 |
| 16:29 | Create | Militia ×3 |
| 16:36 | Research | Arson |
| 16:52 | Create | Villager (Male) |
| 16:52 | Create | Villager (Male) |
| 16:56 | Create | Villager (Male) |
| 17:33 | Create | Militia |
| 17:33 | Create | Militia |
| 17:33 | Create | Militia |
| 17:33 | Create | Militia |
| 18:36 | Create | Militia ×5 |
| 18:36 | Create | Militia ×5 |
| 19:14 | Build | House |
| 19:14 | Build | House |
| 19:14 | Build | House |
| 19:44 | Create | Militia ×5 |
| 19:44 | Create | Militia ×5 |
| 20:41 | Create | Militia ×5 |
| 20:41 | Create | Militia ×5 |
| 21:11 | Build | Mill |
| 22:25 | Create | Militia |
| 22:25 | Create | Militia |
| 22:25 | Create | Militia |
| 23:04 | Create | Villager (Male) |
| 23:04 | Create | Villager (Male) |
| 23:04 | Create | Villager (Male) |
| 23:22 | Create | Militia ×4 |
| 23:22 | Create | Militia ×4 |
| 23:22 | Create | Militia ×4 |
| 23:47 | Create | Villager (Male) |
| 23:54 | Build | Market |
| 24:03 | Build | Mill |
| 26:05 | Build | Blacksmith |
| 26:50 | Research | Castle Age |
Build order — sweg 696969
85 actions detected in the replay
| 1:01 | Build | Town Center |
| 3:13 | Build | House |
| 3:14 | Build | House |
| 3:16 | Create | Villager (Male) |
| 3:16 | Create | Villager (Male) |
| 4:04 | Create | Villager (Male) |
| 4:34 | Create | Villager (Male) |
| 4:35 | Create | Villager (Male) |
| 5:08 | Create | Villager (Male) |
| 5:26 | Build | Lumber Camp |
| 5:37 | Create | Villager (Male) |
| 5:51 | Research | Loom |
| 6:31 | Create | Villager (Male) |
| 6:32 | Create | Villager (Male) |
| 6:51 | Create | Villager (Male) |
| 7:13 | Build | House |
| 7:17 | Build | House |
| 7:34 | Create | Villager (Male) |
| 7:57 | Create | Villager (Male) |
| 8:38 | Create | Villager (Male) |
| 8:57 | Create | Villager (Male) |
| 9:46 | Build | Mill |
| 9:59 | Create | Villager (Male) |
| 10:32 | Create | Villager (Male) |
| 10:37 | Build | Farm |
| 10:51 | Create | Villager (Male) |
| 11:01 | Build | Farm |
| 11:31 | Build | Farm |
| 11:35 | Create | Villager (Male) |
| 11:35 | Create | Villager (Male) |
| 11:35 | Create | Villager (Male) |
| 12:12 | Build | Mining Camp |
| 12:23 | Research | Feudal Age |
| 12:58 | Build | Farm |
| 12:59 | Build | Farm |
| 12:59 | Build | Farm |
| 12:59 | Build | Farm |
| 13:00 | Build | Farm |
| 13:00 | Build | Farm |
| 13:00 | Build | Farm |
| 13:01 | Build | Farm |
| 13:10 | Build | House |
| 13:11 | Build | House |
| 13:12 | Build | House |
| 14:14 | Build | Farm |
| 14:15 | Build | Farm |
| 14:22 | Build | Farm |
| 14:50 | Create | Villager (Male) |
| 15:00 | Age | Feudal Age |
| 15:05 | Research | Double-Bit Axe |
| 15:09 | Create | Villager (Male) |
| 15:29 | Build | Market |
| 15:33 | Create | Villager (Male) |
| 15:38 | Build | Farm |
| 16:04 | Create | Villager (Male) |
| 16:13 | Build | Farm |
| 16:22 | Create | Villager (Male) |
| 16:28 | Build | Farm |
| 16:45 | Build | Blacksmith |
| 16:57 | Build | Farm |
| 17:02 | Create | Villager (Male) |
| 17:18 | Build | Farm |
| 17:35 | Create | Villager (Male) |
| 17:49 | Build | Farm |
| 18:26 | Create | Villager (Male) |
| 18:27 | Create | Villager (Male) |
| 18:57 | Build | Barracks |
| 19:03 | Research | Fletching |
| 19:06 | Create | Villager (Male) |
| 19:23 | Create | Villager (Male) |
| 19:31 | Build | Archery Range |
| 19:37 | Build | Archery Range |
| 20:15 | Create | Skirmisher |
| 20:16 | Create | Skirmisher |
| 20:16 | Create | Skirmisher |
| 20:16 | Create | Skirmisher |
| 20:37 | Build | Lumber Camp |
| 20:55 | Research | Padded Archer Armor |
| 21:39 | Research | Castle Age |
| 21:54 | Create | Skirmisher |
| 21:54 | Create | Skirmisher |
| 21:54 | Create | Skirmisher |
| 24:19 | Age | Castle Age |
| 24:31 | Build | Town Center |
| 24:33 | Build | Town Center |
Build order — PEINATE QUE VIENE GENTE
105 actions detected in the replay
| 0:30 | Build | Town Center |
| 1:15 | Build | House |
| 2:53 | Create | Villager (Male) |
| 2:53 | Create | Villager (Male) |
| 2:54 | Create | Villager (Male) |
| 2:54 | Create | Villager (Male) |
| 2:54 | Create | Villager (Male) |
| 3:52 | Research | Loom |
| 3:52 | Create | Villager (Male) |
| 3:53 | Create | Villager (Male) |
| 3:53 | Create | Villager (Male) |
| 4:13 | Create | Villager (Male) |
| 4:13 | Create | Villager (Male) |
| 5:12 | Create | Villager (Male) |
| 5:13 | Create | Villager (Male) |
| 5:13 | Create | Villager (Male) |
| 5:33 | Build | House |
| 5:40 | Create | Villager (Male) |
| 5:40 | Create | Villager (Male) |
| 6:06 | Create | Villager (Male) |
| 6:06 | Create | Villager (Male) |
| 6:36 | Create | Villager (Male) |
| 6:37 | Create | Villager (Male) |
| 7:22 | Build | House |
| 7:27 | Create | Villager (Male) |
| 7:27 | Create | Villager (Male) |
| 7:27 | Create | Villager (Male) |
| 8:14 | Create | Villager (Male) |
| 8:51 | Build | Lumber Camp |
| 8:59 | Create | Villager (Male) |
| 8:59 | Create | Villager (Male) |
| 9:43 | Build | House |
| 9:53 | Build | House |
| 10:38 | Build | Outpost |
| 10:55 | Build | Outpost |
| 11:32 | Build | House |
| 11:57 | Create | Villager (Male) |
| 12:26 | Create | Villager (Male) |
| 12:29 | Build | Barracks |
| 12:47 | Build | Mill |
| 13:01 | Create | Villager (Male) |
| 13:06 | Research | Feudal Age |
| 13:06 | Research | Feudal Age |
| 13:50 | Build | Farm |
| 13:51 | Build | Farm |
| 15:12 | Create | Villager (Male) |
| 15:18 | Age | Feudal Age |
| 15:22 | Build | Stable |
| 15:26 | Build | Stable |
| 15:40 | Create | Villager (Male) |
| 16:10 | Create | Scout Cavalry |
| 16:11 | Create | Scout Cavalry |
| 16:29 | Research | Double-Bit Axe |
| 16:33 | Research | Horse Collar |
| 16:35 | Create | Villager (Male) |
| 16:36 | Create | Villager (Male) |
| 16:37 | Create | Scout Cavalry |
| 16:37 | Create | Scout Cavalry |
| 17:15 | Build | Mill |
| 17:41 | Research | Bloodlines |
| 18:39 | Create | Villager (Male) |
| 18:39 | Create | Villager (Male) |
| 18:43 | Build | Farm |
| 18:44 | Build | Farm |
| 18:49 | Build | House |
| 19:26 | Create | Villager (Male) |
| 19:32 | Build | Market |
| 20:57 | Research | Castle Age |
| 20:57 | Research | Castle Age |
| 21:10 | Build | Mill |
| 21:25 | Build | Farm |
| 21:27 | Build | Farm |
| 21:28 | Build | Farm |
| 21:32 | Build | Farm |
| 21:51 | Build | Mining Camp |
| 22:02 | Build | Mill |
| 22:02 | Build | Farm |
| 22:02 | Build | Farm |
| 22:03 | Build | Farm |
| 22:03 | Build | Farm |
| 22:03 | Build | Farm |
| 22:03 | Build | Farm |
| 23:00 | Build | Lumber Camp |
| 23:12 | Build | Blacksmith |
| 23:27 | Build | Farm |
| 23:37 | Age | Castle Age |
| 23:53 | Build | Town Center |
| 23:56 | Build | Stable |
| 23:57 | Build | Stable |
| 24:01 | Create | Steppe Lancer |
| 24:01 | Create | Steppe Lancer |
| 24:05 | Research | Scale Barding Armor |
| 24:05 | Research | Scale Barding Armor |
| 24:05 | Research | Scale Barding Armor |
| 24:45 | Research | Forging |
| 24:50 | Create | Villager (Male) |
| 24:50 | Create | Villager (Male) |
| 24:51 | Create | Villager (Male) |
| 26:16 | Build | Farm |
| 26:16 | Build | Farm |
| 26:16 | Build | Farm |
| 26:17 | Build | Farm |
| 26:17 | Build | Farm |
| 26:17 | Build | Farm |
| 26:49 | Build | Town Center |
Build order — Wahlburgers5203
110 actions detected in the replay
| 1:04 | Build | Town Center |
| 2:45 | Build | House |
| 2:46 | Build | House |
| 3:00 | Create | Villager (Male) ×4 |
| 4:10 | Create | Villager (Male) |
| 4:33 | Build | Lumber Camp |
| 4:36 | Create | Villager (Male) |
| 5:14 | Create | Villager (Male) |
| 5:14 | Create | Villager (Male) |
| 5:50 | Create | Villager (Male) |
| 5:51 | Create | Villager (Male) |
| 5:51 | Create | Villager (Male) |
| 7:13 | Create | Villager (Male) ×4 |
| 7:49 | Build | House |
| 8:02 | Create | Villager (Male) |
| 8:03 | Create | Villager (Male) |
| 8:39 | Build | Mill |
| 8:46 | Create | Villager (Male) |
| 9:11 | Create | Villager (Male) |
| 9:11 | Create | Villager (Male) |
| 9:18 | Build | House |
| 10:09 | Create | Villager (Male) |
| 10:10 | Create | Villager (Male) |
| 10:23 | Build | Mining Camp |
| 11:01 | Research | Loom |
| 11:40 | Research | Feudal Age |
| 12:54 | Create | Villager (Male) |
| 12:54 | Create | Villager (Male) |
| 13:03 | Build | House |
| 13:06 | Build | House |
| 13:17 | Build | Palisade Wall |
| 13:25 | Build | Palisade Gate |
| 13:32 | Build | Palisade Wall |
| 13:36 | Create | Villager (Male) |
| 14:24 | Age | Feudal Age |
| 14:32 | Build | Market |
| 14:35 | Build | Blacksmith |
| 15:21 | Build | Mining Camp |
| 15:23 | Research | Castle Age |
| 15:35 | Build | Farm |
| 15:39 | Research | Double-Bit Axe |
| 15:47 | Build | Farm |
| 16:41 | Research | Stone Mining |
| 17:17 | Create | Villager (Male) |
| 17:17 | Create | Villager (Male) |
| 17:22 | Research | Horse Collar |
| 17:58 | Build | Farm |
| 18:19 | Age | Castle Age |
| 18:25 | Build | Town Center |
| 18:33 | Create | Villager (Male) |
| 18:47 | Create | Villager (Male) |
| 18:52 | Build | Farm |
| 19:18 | Build | Farm |
| 19:23 | Build | Farm |
| 19:25 | Create | Villager (Male) |
| 19:36 | Create | Villager (Male) |
| 19:36 | Create | Villager (Male) |
| 19:43 | Build | Castle |
| 19:49 | Create | Villager (Male) |
| 20:03 | Build | Farm |
| 20:05 | Create | Villager (Male) |
| 20:29 | Create | Villager (Male) |
| 20:39 | Build | Farm |
| 20:44 | Build | Farm |
| 20:52 | Research | Fletching |
| 20:57 | Create | Mangudai |
| 20:57 | Create | Mangudai |
| 21:01 | Create | Villager (Male) |
| 21:01 | Create | Villager (Male) |
| 21:13 | Build | Farm |
| 21:40 | Create | Mangudai |
| 21:42 | Create | Villager (Male) ×2 |
| 22:03 | Create | Mangudai |
| 22:08 | Create | Villager (Male) |
| 22:17 | Build | Farm |
| 22:28 | Create | Mangudai |
| 22:29 | Create | Villager (Male) |
| 22:30 | Create | Villager (Male) |
| 22:39 | Build | Farm |
| 23:16 | Create | Mangudai |
| 23:18 | Create | Villager (Male) |
| 23:18 | Create | Villager (Male) |
| 23:18 | Create | Villager (Male) |
| 23:46 | Create | Villager (Male) ×2 |
| 24:01 | Build | Castle |
| 24:04 | Create | Villager (Male) ×2 |
| 24:25 | Create | Mangudai |
| 24:34 | Create | Villager (Male) |
| 24:34 | Create | Villager (Male) |
| 24:50 | Create | Villager (Male) |
| 24:58 | Create | Mangudai |
| 25:14 | Build | Mining Camp |
| 25:21 | Create | Mangudai |
| 25:22 | Create | Mangudai |
| 25:25 | Create | Villager (Male) |
| 25:26 | Create | Villager (Male) |
| 25:35 | Build | House |
| 25:38 | Build | House |
| 25:39 | Build | House |
| 25:40 | Build | House |
| 25:41 | Build | House |
| 25:47 | Create | Mangudai |
| 25:55 | Research | Padded Archer Armor |
| 26:02 | Research | Padded Archer Armor |
| 26:05 | Create | Villager (Male) |
| 26:05 | Create | Villager (Male) |
| 26:08 | Create | Mangudai |
| 26:13 | Build | Farm |
| 26:36 | Build | Lumber Camp |
| 26:46 | Create | Mangudai |
Build order — diego.vd.gota
85 actions detected in the replay
| 0:43 | Build | Town Center |
| 3:21 | Build | House |
| 3:28 | Create | Villager (Male) |
| 3:28 | Create | Villager (Male) |
| 3:29 | Create | Villager (Male) |
| 3:29 | Create | Villager (Male) |
| 3:29 | Create | Villager (Male) |
| 3:57 | Build | House |
| 4:00 | Build | House |
| 4:08 | Build | House |
| 4:25 | Create | Villager (Male) |
| 4:26 | Create | Villager (Male) |
| 4:26 | Create | Villager (Male) |
| 5:15 | Build | Palisade Wall |
| 5:30 | Build | Palisade Wall |
| 5:42 | Create | Villager (Male) |
| 5:42 | Create | Villager (Male) |
| 5:43 | Create | Villager (Male) |
| 6:05 | Build | Palisade Wall |
| 6:29 | Create | Villager (Male) |
| 6:30 | Create | Villager (Male) |
| 6:30 | Create | Villager (Male) |
| 6:30 | Create | Villager (Male) |
| 7:22 | Build | House |
| 7:27 | Build | Palisade Gate |
| 7:29 | Create | Villager (Male) |
| 7:30 | Create | Villager (Male) |
| 7:30 | Create | Villager (Male) |
| 7:30 | Create | Villager (Male) |
| 7:30 | Create | Villager (Male) |
| 7:56 | Create | Villager (Male) |
| 7:56 | Create | Villager (Male) |
| 7:56 | Create | Villager (Male) |
| 8:20 | Create | Villager (Male) |
| 8:21 | Create | Villager (Male) |
| 9:47 | Build | House |
| 10:37 | Create | Villager (Male) |
| 10:37 | Create | Villager (Male) |
| 11:30 | Build | Palisade Wall |
| 11:33 | Create | Villager (Male) |
| 11:33 | Create | Villager (Male) |
| 11:49 | Build | Lumber Camp |
| 12:05 | Build | Palisade Wall |
| 12:15 | Build | House |
| 12:17 | Build | House |
| 12:59 | Create | Villager (Male) |
| 13:32 | Create | Villager (Male) |
| 13:32 | Create | Villager (Male) |
| 14:17 | Create | Villager (Male) |
| 14:27 | Build | Mining Camp |
| 14:39 | Build | Palisade Wall |
| 14:54 | Create | Villager (Male) |
| 15:35 | Research | Feudal Age |
| 15:48 | Build | Barracks |
| 16:07 | Create | Villager (Male) |
| 16:07 | Create | Villager (Male) |
| 16:07 | Create | Villager (Male) |
| 16:08 | Create | Villager (Male) |
| 17:45 | Age | Feudal Age |
| 18:08 | Build | Watch Tower |
| 19:53 | Create | Villager (Male) |
| 20:13 | Build | Watch Tower |
| 20:26 | Create | Villager (Male) |
| 20:26 | Create | Villager (Male) |
| 20:26 | Create | Villager (Male) |
| 20:27 | Create | Villager (Male) |
| 20:27 | Create | Villager (Male) |
| 23:24 | Build | Mill |
| 23:29 | Create | Villager (Male) |
| 23:29 | Create | Villager (Male) |
| 23:29 | Create | Villager (Male) |
| 23:30 | Create | Villager (Male) |
| 23:30 | Create | Villager (Male) |
| 23:31 | Create | Villager (Male) |
| 24:02 | Create | Villager (Male) |
| 24:02 | Create | Villager (Male) |
| 24:20 | Build | Market |
| 24:27 | Build | Blacksmith |
| 24:45 | Build | Farm |
| 24:52 | Build | Farm |
| 24:54 | Build | Farm |
| 24:56 | Build | Farm |
| 25:44 | Build | Barracks |
| 25:58 | Research | Loom |
| 26:14 | Build | Barracks |
Build order — AleAnonMallo
69 actions detected in the replay
| 0:57 | Build | Town Center |
| 3:14 | Build | House |
| 3:21 | Build | House |
| 3:32 | Create | Villager (Male) |
| 3:33 | Create | Villager (Male) |
| 3:52 | Research | Loom |
| 3:54 | Create | Villager (Male) |
| 4:18 | Create | Villager (Male) |
| 4:29 | Build | Mill |
| 4:51 | Create | Villager (Male) |
| 5:35 | Create | Villager (Male) |
| 6:18 | Build | House |
| 6:36 | Create | Villager (Male) |
| 7:12 | Create | Villager (Male) |
| 7:35 | Create | Villager (Male) |
| 7:49 | Create | Villager (Male) |
| 8:30 | Create | Villager (Male) |
| 8:58 | Create | Villager (Male) |
| 9:09 | Build | Barracks |
| 9:13 | Create | Villager (Male) |
| 9:33 | Build | Farm |
| 9:38 | Create | Villager (Male) |
| 9:57 | Build | House |
| 10:01 | Build | House |
| 10:10 | Create | Villager (Male) |
| 11:18 | Create | Militia |
| 11:25 | Create | Villager (Male) |
| 11:25 | Create | Villager (Male) |
| 11:29 | Create | Militia |
| 11:31 | Create | Militia |
| 11:32 | Create | Militia |
| 11:56 | Build | Farm |
| 11:56 | Build | Farm |
| 12:22 | Build | House |
| 12:40 | Build | House |
| 13:25 | Build | Mill |
| 13:30 | Create | Villager (Male) |
| 14:05 | Build | Farm |
| 14:15 | Create | Villager (Male) |
| 14:35 | Create | Villager (Male) |
| 14:41 | Create | Villager (Male) |
| 14:52 | Create | Villager (Male) |
| 15:44 | Build | Farm |
| 15:44 | Build | Farm |
| 16:00 | Research | Feudal Age |
| 16:17 | Build | Farm |
| 17:07 | Create | Villager (Male) |
| 17:27 | Create | Villager (Male) |
| 18:10 | Age | Feudal Age |
| 18:35 | Build | Watch Tower |
| 18:56 | Build | Stable |
| 18:58 | Create | Villager (Male) |
| 18:59 | Create | Villager (Male) |
| 20:41 | Create | Scout Cavalry |
| 20:41 | Create | Scout Cavalry |
| 20:57 | Create | Scout Cavalry |
| 20:57 | Create | Scout Cavalry |
| 22:20 | Build | House |
| 23:20 | Build | Lumber Camp |
| 24:00 | Create | Villager (Male) |
| 24:40 | Create | Scout Cavalry |
| 24:40 | Create | Scout Cavalry |
| 24:48 | Build | Farm |
| 25:04 | Build | Blacksmith |
| 25:28 | Build | Watch Tower |
| 25:31 | Create | Scout Cavalry |
| 25:31 | Create | Scout Cavalry |
| 26:38 | Create | Villager (Male) |
| 26:39 | Create | Villager (Male) |
Build order — dylsxx1718
97 actions detected in the replay
| 0:48 | Build | Town Center |
| 3:41 | Research | Loom |
| 4:12 | Create | Villager (Male) |
| 4:12 | Create | Villager (Male) |
| 4:38 | Create | Villager (Male) |
| 4:38 | Create | Villager (Male) |
| 5:14 | Create | Villager (Male) |
| 5:15 | Create | Villager (Male) |
| 5:16 | Create | Villager (Male) |
| 5:19 | Build | House |
| 5:40 | Create | Villager (Male) |
| 5:40 | Create | Villager (Male) |
| 6:34 | Create | Villager (Male) |
| 6:34 | Create | Villager (Male) |
| 6:37 | Create | Villager (Male) |
| 6:48 | Build | Lumber Camp |
| 7:15 | Create | Villager (Male) |
| 7:34 | Build | House |
| 7:52 | Create | Villager (Male) |
| 8:05 | Create | Villager (Male) |
| 8:30 | Create | Villager (Male) |
| 8:42 | Build | House |
| 8:57 | Create | Villager (Male) |
| 9:06 | Build | House |
| 9:17 | Create | Villager (Male) |
| 9:28 | Build | House |
| 9:38 | Create | Villager (Male) |
| 10:00 | Create | Villager (Male) |
| 10:08 | Build | House |
| 10:11 | Create | Villager (Male) |
| 10:26 | Create | Villager (Male) |
| 10:33 | Build | Palisade Wall |
| 10:37 | Create | Villager (Male) |
| 10:55 | Create | Villager (Male) |
| 11:11 | Build | Palisade Wall |
| 11:18 | Build | House |
| 11:38 | Create | Villager (Male) |
| 11:45 | Create | Villager (Male) |
| 12:01 | Build | Mill |
| 12:39 | Create | Villager (Male) |
| 13:02 | Build | House |
| 13:08 | Build | House |
| 13:23 | Build | House |
| 13:35 | Create | Villager (Male) |
| 13:38 | Research | Feudal Age |
| 13:43 | Research | Feudal Age |
| 14:06 | Build | Palisade Wall |
| 14:27 | Build | Mill |
| 15:25 | Build | House |
| 15:39 | Build | Palisade Wall |
| 15:53 | Build | Palisade Wall |
| 15:53 | Age | Feudal Age |
| 15:56 | Create | Villager (Male) |
| 16:00 | Build | Market |
| 16:02 | Build | Blacksmith |
| 16:29 | Build | Palisade Wall |
| 16:32 | Create | Villager (Male) |
| 17:04 | Create | Villager (Male) |
| 17:29 | Research | Castle Age |
| 18:47 | Build | Palisade Wall |
| 18:50 | Build | Palisade Wall |
| 18:52 | Build | House |
| 18:54 | Build | Palisade Wall |
| 18:56 | Build | Palisade Wall |
| 18:57 | Build | Palisade Wall |
| 18:58 | Build | Palisade Wall |
| 19:19 | Build | Mining Camp |
| 19:37 | Build | Farm |
| 20:09 | Age | Castle Age |
| 20:38 | Build | Castle |
| 20:55 | Create | Villager (Male) |
| 21:45 | Create | Villager (Male) |
| 21:57 | Research | Fletching |
| 21:57 | Research | Fletching |
| 22:10 | Build | Barracks |
| 22:49 | Build | Town Center |
| 22:51 | Create | Villager (Male) |
| 22:52 | Create | Chu Ko Nu |
| 23:01 | Build | Farm |
| 23:20 | Create | Spearman |
| 23:20 | Create | Spearman |
| 23:21 | Create | Spearman |
| 23:43 | Create | Villager (Male) |
| 23:52 | Create | Spearman |
| 24:02 | Create | Spearman |
| 24:13 | Create | Villager (Male) |
| 24:19 | Build | Farm |
| 24:31 | Create | Villager (Male) |
| 24:57 | Create | Spearman |
| 25:20 | Create | Chu Ko Nu |
| 25:46 | Create | Villager (Male) |
| 25:48 | Create | Chu Ko Nu |
| 26:00 | Create | Villager (Male) |
| 26:27 | Create | Chu Ko Nu |
| 26:55 | Build | Palisade Wall |
| 26:56 | Build | Palisade Wall |
| 26:57 | Create | Villager (Male) |
Build order — Fat B
83 actions detected in the replay
| 0:37 | Build | Town Center |
| 1:57 | Build | House |
| 2:42 | Create | Villager (Male) |
| 2:43 | Create | Villager (Male) |
| 2:43 | Create | Villager (Male) |
| 2:49 | Create | Villager (Male) |
| 4:00 | Create | Villager (Male) |
| 4:18 | Create | Villager (Male) |
| 4:43 | Build | House |
| 4:46 | Create | Villager (Male) |
| 5:09 | Create | Villager (Male) |
| 5:25 | Create | Villager (Male) |
| 5:48 | Create | Villager (Male) |
| 6:16 | Create | Villager (Male) |
| 6:40 | Build | Mill |
| 6:45 | Create | Villager (Male) |
| 7:12 | Build | House |
| 7:14 | Create | Villager (Male) |
| 7:45 | Build | Mill |
| 7:47 | Create | Villager (Male) |
| 8:05 | Create | Villager (Male) |
| 8:27 | Create | Villager (Male) |
| 8:43 | Build | House |
| 8:46 | Create | Villager (Male) |
| 8:56 | Build | Mill |
| 8:59 | Create | Villager (Male) |
| 9:04 | Create | Villager (Male) |
| 9:40 | Research | Loom |
| 9:59 | Build | Mill |
| 10:18 | Create | Villager (Male) |
| 10:24 | Build | Mining Camp |
| 10:53 | Research | Feudal Age |
| 10:53 | Research | Feudal Age |
| 10:54 | Research | Feudal Age |
| 11:37 | Create | Villager (Male) |
| 11:37 | Create | Villager (Male) |
| 13:03 | Age | Feudal Age |
| 13:28 | Build | Blacksmith |
| 13:50 | Create | Villager (Male) |
| 14:19 | Create | Villager (Male) |
| 14:25 | Build | Market |
| 14:56 | Research | Castle Age |
| 15:00 | Build | Mining Camp |
| 15:14 | Create | Villager (Male) |
| 15:34 | Create | Villager (Male) |
| 15:40 | Create | Villager (Male) |
| 16:21 | Create | Villager (Male) |
| 17:07 | Build | House |
| 17:08 | Build | House |
| 17:36 | Age | Castle Age |
| 17:52 | Build | Castle |
| 18:14 | Build | Palisade Gate |
| 18:21 | Build | Palisade Wall |
| 18:41 | Create | Villager (Male) |
| 18:42 | Create | Villager (Male) |
| 19:23 | Build | Mining Camp |
| 19:42 | Create | Conquistador |
| 20:02 | Create | Villager (Male) |
| 20:23 | Create | Conquistador |
| 20:30 | Create | Villager (Male) |
| 20:42 | Create | Villager (Male) |
| 20:47 | Create | Conquistador |
| 21:02 | Create | Villager (Male) |
| 21:25 | Create | Conquistador |
| 21:27 | Create | Villager (Male) |
| 21:36 | Create | Conquistador |
| 21:51 | Create | Conquistador |
| 22:02 | Create | Villager (Male) |
| 22:31 | Create | Villager (Male) |
| 22:41 | Build | Castle |
| 23:09 | Create | Villager (Male) |
| 23:16 | Create | Conquistador |
| 23:17 | Create | Conquistador |
| 23:55 | Create | Villager (Male) |
| 24:16 | Create | Villager (Male) |
| 24:33 | Build | Mining Camp |
| 24:45 | Create | Villager (Male) |
| 25:06 | Research | Horse Collar |
| 26:23 | Create | Conquistador |
| 26:23 | Create | Conquistador |
| 27:00 | Build | Town Center |
| 27:10 | Create | Conquistador |
| 27:11 | Create | Conquistador |
Match timeline
| 5:15 | diego.vd.gota · wall_segment Palisade Wall x1 |
| 5:30 | diego.vd.gota · wall_segment Palisade Wall x1 |
| 6:05 | diego.vd.gota · wall_segment Palisade Wall x7 |
| 9:09 | AleAnonMallo · first_building Barracks |
| 10:33 | dylsxx1718 · wall_segment Palisade Wall x6 |
| 10:53 | GuilleLeopold17 · first_building Barracks |
| 11:11 | dylsxx1718 · wall_segment Palisade Wall x4 |
| 11:30 | diego.vd.gota · wall_segment Palisade Wall x1 |
| 12:05 | diego.vd.gota · wall_segment Palisade Wall x3 |
| 12:29 | PEINATE QUE VIENE GENTE · first_building Barracks |
| 13:03 | Fat B · age_up feudal |
| 13:17 | Wahlburgers5203 · wall_segment Palisade Wall x5 |
| 13:32 | Wahlburgers5203 · wall_segment Palisade Wall x4 |
| 14:06 | dylsxx1718 · wall_segment Palisade Wall x6 |
| 14:24 | Wahlburgers5203 · age_up feudal |
| 14:39 | diego.vd.gota · wall_segment Palisade Wall x1 |
| 14:42 | GuilleLeopold17 · age_up feudal |
| 15:00 | sweg 696969 · age_up feudal |
| 15:18 | PEINATE QUE VIENE GENTE · age_up feudal |
| 15:22 | PEINATE QUE VIENE GENTE · first_building Stable |
| 15:39 | dylsxx1718 · wall_segment Palisade Wall x4 |
| 15:48 | diego.vd.gota · first_building Barracks |
| 15:53 | dylsxx1718 · wall_segment Palisade Wall x9 |
| 15:53 | dylsxx1718 · age_up feudal |
| 16:29 | dylsxx1718 · wall_segment Palisade Wall x15 |
| 17:07 | sweg 696969 · first_market_buy 100 food |
| 17:24 | dylsxx1718 · first_market_sell 100 food |
| 17:35 | Fat B · first_market_sell 100 wood |
| 17:36 | Fat B · age_up castle |
| 17:38 | Fat B · first_market_buy 100 stone |
| 17:45 | diego.vd.gota · age_up feudal |
| 17:52 | Fat B · first_building Castle |
| 18:10 | AleAnonMallo · age_up feudal |
| 18:19 | Wahlburgers5203 · age_up castle |
| 18:21 | Fat B · wall_segment Palisade Wall x1 |
| 18:47 | dylsxx1718 · wall_segment Palisade Wall x1 |
| 18:50 | dylsxx1718 · wall_segment Palisade Wall x1 |
| 18:54 | dylsxx1718 · wall_segment Palisade Wall x1 |
| 18:56 | dylsxx1718 · wall_segment Palisade Wall x1 |
| 18:56 | AleAnonMallo · first_building Stable |
| 18:57 | sweg 696969 · first_building Barracks |
| 18:57 | dylsxx1718 · wall_segment Palisade Wall x1 |
| 18:58 | dylsxx1718 · wall_segment Palisade Wall x1 |
| 19:31 | sweg 696969 · first_building Archery Range |
| 19:43 | Wahlburgers5203 · first_building Castle |
| 20:09 | dylsxx1718 · age_up castle |
| 20:32 | Wahlburgers5203 · first_market_buy 100 wood |
| 20:38 | dylsxx1718 · first_building Castle |
| 20:56 | PEINATE QUE VIENE GENTE · first_market_sell 100 wood |
| 22:10 | dylsxx1718 · first_building Barracks |
| 23:37 | PEINATE QUE VIENE GENTE · age_up castle |
| 24:19 | sweg 696969 · age_up castle |
| 25:19 | Wahlburgers5203 · first_market_sell 100 wood |
| 25:45 | GuilleLeopold17 · first_market_sell 100 wood |
| 25:48 | GuilleLeopold17 · first_market_buy 100 food |
| 26:37 | diego.vd.gota · resign |
| 26:39 | PEINATE QUE VIENE GENTE · first_market_buy 100 stone |
| 26:55 | dylsxx1718 · wall_segment Palisade Wall x1 |
| 26:56 | dylsxx1718 · wall_segment Palisade Wall x3 |
[ AI ANALYSIS · 1 CREDIT ]
What really happened in this match?
Wolo.gg analyzes every decision: build order, eco, micro, common mistakes by bracket. Personalized analysis on WhatsApp or Discord in 30 seconds.
Civ guide
Armenians
Perfil
Jugador #1901962